 Dungeon Crawl Stone Soup version 0.27.1-16-g815e20cd7a (webtiles) character file.

Game seed: 14700117378390432289

21 zeram the Sneak (level 2, 0/22 HPs)
             Began as a Demonspawn Brigand on Nov 21, 2021.
             Slain by Sigmund (4 damage)
             ... on level 2 of the Dungeon.
             The game lasted 00:01:31 (971 turns).

zeram the Sneak (Demonspawn Brigand)                 Turns: 971, Time: 00:01:31

Health: 0/22       AC:  3    Str: 11    XL:     2   Next: 62%
Magic:  2/2        EV: 11    Int: 12    God:
Gold:   25         SH:  0    Dex: 14    Spells: 1/1 levels left

rFire    . . .     SeeInvis .   a - +2 dagger
rCold    . . .     Faith    .   (no shield)
rNeg     . . .     Spirit   .   b - +0 robe
rPois    .         Reflect  .   (no helmet)
rElec    .         Harm     .   c - +0 cloak
rCorr    .         Rampage  .   (no gloves)
Will     .....                  (no boots)
Stlth    +++.......             (no amulet)
HPRegen  0.07/turn              (no ring)
MPRegen  0.08/turn              (no ring)

@: hasted, very quick
A: demonic guardian 1
a: no special abilities


You were on level 2 of the Dungeon.
You visited 1 branch of the dungeon, and saw 2 of its levels.

You collected 25 gold pieces.

Inventory:

Hand Weapons
 a - a +2 dagger (weapon)
Missiles
 d - 8 poisoned darts (quivered)
 e - 2 curare-tipped darts
Armour
 b - a +0 robe (worn)
 c - a +0 cloak (worn)
Potions
 f - 2 potions of brilliance


   Skills:
 - Level 2.3 Fighting
 + Level 1.9 Short Blades
 - Level 1.7 Throwing
 + Level 0.9 Dodging
 + Level 4.2 Stealth


You had one spell level left.
You didn't know any spells.
Your spell library contained the following spells:

 Spells                   Type           Power      Damage    Failure   Level
 Corpse Rot               Necr/Air       N/A        N/A       45%         2
 Poisonous Vapours        Pois/Air       0%         N/A       45%         2
 Conjure Flame            Conj/Fire      0%         6-21      69%         3
 Ignite Poison            Fire/Tmut/Pois 0%         N/A       69%         3
 Sticky Flame             Conj/Fire      0%         2d3       97%         4
 Freezing Cloud           Conj/Ice/Air   0%         6-21      100%        5


Dungeon Overview and Level Annotations

Branches:
Dungeon (2/15)

Altars:

Annotations:
D:2 Sigmund, Terence


Innate Abilities, Weirdness & Mutations

A weak demonic guardian rushes to your aid.


Message History

The ball python bites you but does no damage.
The ball python constricts you.
You barely miss the ball python. The ball python bites you.
The ball python constricts you.
You hit the ball python.
You kill the ball python!
No target in view!
No target in view!
HP restored.
You see here a +0 plate armour.
Key pressed, stopping explore.
Found a stone staircase leading up.
Terence the Incautious comes into view.
He is wielding a +0 short sword.
Terence is nearby!
Terence is nearby!
Terence is nearby!
Sigmund the Dreaded comes into view.
He is wielding a +0 scythe.
Terence shouts!
Sigmund shouts!
Terence hits you with a +0 short sword. Sigmund casts a spell at you.
You are confused.
You are too confused!
You are too confused!
You bump into the rock wall.
Terence hits you with a +0 short sword.
Sigmund gestures wildly while chanting.
Sigmund flickers and vanishes!
Deactivating autopickup; reactivate with Ctrl-A.
Unknown command.
You're too confused to move!
Something hits you!
* * * LOW HITPOINT WARNING * * *
A demonic guardian appears!
You bump into the rock wall.
Terence hits you with a +0 short sword.
* * * LOW HITPOINT WARNING * * *
Unknown command.
Unknown command.
You are too confused!
It was a potion of haste.
You feel yourself speed up.
You feel less confused. Something hits you.
You die...

....## ##. ...##
..## #.## ... #.# ..
#.# #.####.### #.#
#......... #.## #.{#
#..##### ##5##
##.....#########@@#
#####........###.# #
########..##.#.#####
##.........<.
####..###### #..#
#..# .... .##..


You could see Terence (ally target) and a friendly white imp (summoned).

Vanquished Creatures
  3 endoplasms
  A goblin (D:1)
  3 hobgoblins (D:1)
  A quokka (D:1)
  2 ball pythons
  A frilled lizard (D:1)
  4 kobolds (D:1)
  2 rats (D:1)
17 creatures vanquished.

Vanquished Creatures (collateral kills)
  A dart slug (D:1)
1 creature vanquished.

Grand Total: 18 creatures vanquished

Notes
Turn   | Place    | Note
-------+----------+-------------------------------------------
     0 | D:1      | zeram the Demonspawn Brigand began the quest for the Orb.
     0 | D:1      | Reached XP level 1. HP: 16/16 MP: 1/1
   168 | D:1      | Gained mutation: A weak demonic guardian rushes to your
                  | aid. [demonic ancestry]
   168 | D:1      | Reached XP level 2. HP: 10/22 MP: 2/2
   385 | D:1      | Reached skill level 4 in Stealth
   793 | D:2      | Found a faded altar of an unknown god.
   960 | D:2      | Noticed Terence
   965 | D:2      | Noticed Sigmund
   971 | D:2      | Slain by Sigmund

Illustrated notes

Levels and vault maps discovered:
D:1:      psy_arrival_statuary, layout_rooms, chequers_garden
D:2:      layout_rooms, hellmonk_ecumenical_altar_leap_of_faith, uniq_terence,
          uniq_sigmund, uniq_jessica

Skill      XL: |  1  2 |
---------------+-------+-----
Stealth        | 4 |  4.2
Fighting       | |  2.3
Short Blades   | |  1.9
Throwing       | |  1.7
Dodging        | |  0.9

Action                   || total
-------------------------++-------
Melee: Dagger            ||    63
  Use: Scroll            ||     1
       Potion            ||     1
 Stab: Sleeping          ||     3
       Distracted        ||     1
Armor: Robe              ||    13
Dodge: Dodged            ||    19
